Map: Para Site LE

Players

LiquidMaNa (MaNa) - Winner!

  • Race: Protoss Protoss
  • League: Master
  • Spawn Location: 5:00

SortOf

  • Race: Zerg Zerg
  • League: Master
  • Spawn Location: 11:00

Event: HomeStory Cup XVIII

VOD

Have the link to the VOD?

Description

Time

  • Played on: Nov. 23, 2018, 10:04 a.m.
  • Length: 45:52

All games in this series

Show
View Real Time Build Order
Export as new Build Order

LiquidMaNa Protoss - Winner!

Build Orders: 1 Gate Expand, Oracle Opening, Phoenix Opening, Archon Immortal 

Get SALT Encoding   

  12  0:00  Probe  
  13  0:12  Probe  
  14  0:17  Pylon  
  14  0:24  Probe  
  15  0:32  Probe  
  15  0:37  Assimilator  
  15  0:40  Probe  
  16  0:48  Gateway  
  17  0:50  Probe  
  18  0:58  Probe  
  19  1:06  Probe  
  20  1:25  Nexus  
  20  1:35  Cybernetics Core  
  20  1:39  Probe  
  21  1:46  Assimilator  
  21  1:51  Probe  
  22  1:57  Pylon  
  21  2:03  Probe  
  21  2:06  Adept  
  22  2:15  Probe  
  25  2:17  Stargate  
  25  2:25  Adept  
  25  2:26  Warp Gate  
  25  2:27  Probe  
  28  2:38  Probe  
  28  2:39  Probe  
  30  2:49  Adept  
  30  2:50  Probe  
  31  2:51  Probe  
  31  2:53  Oracle  
  34  3:02  Probe  
  34  3:03  Probe  
  39  3:11  Pylon  
  39  3:14  Probe  
  39  3:16  Probe  
  41  3:26  Gateway  
  41  3:27  Probe  
  42  3:28  Phoenix, Probe  
  45  3:38  Assimilator  
  45  3:39  Probe  
  45  3:40  Probe  
  47  3:42  Assimilator  
  47  3:51  Probe  
  47  3:52  Probe  
  49  3:57  Twilight Council  
  49  4:06  Probe  
  47  4:11  Resonating Glaives  
  47  4:12  Nexus  
  47  4:16  Probe  
  48  4:18  Probe  
  49  4:27  Oracle  
  49  4:28  Gateway, Probe  
  53  4:32  Pylon  
  53  4:40  Gateway  
  53  4:46  Pylon  
  53  4:47  Probe  
  53  4:50  Probe  
  53  4:51  Adept  
  57  4:55  Adept  
  59  5:04  Robotics Facility  
  59  5:08  Robotics Facility  
  59  5:11  Probe x2  
  61  5:18  Adept  
  61  5:20  Adept  
  65  5:23  Probe  
  65  5:26  Probe  
  67  5:34  Forge, Probe  
  67  5:35  Probe  
  69  5:36  Adept  
  69  5:37  Adept  
  73  5:43  Probe  
  73  5:44  Charge  
  73  5:46  Sentry x2  
  73  5:47  Probe  
  79  5:51  Observer  
  79  5:52  Probe  
  79  5:56  Immortal  
  81  5:58  Probe  
  81  5:59  Probe  
  81  6:05  Probe  
  81  6:07  Immortal  
  84  6:11  Photon Cannon  
  82  6:22  Pylon  
  82  6:23  Pylon  
  84  6:26  Photon Cannon  
  84  6:28  Shield Battery  
  84  6:30  Templar Archives  
  84  6:32  Photon Cannon  
  84  6:35  Immortal  
  84  6:37  Protoss Ground Weapons Level 1  
  88  6:48  Zealot x3  
  88  6:50  Probe  
  88  6:51  Probe, Assimilator  
  88  6:52  Probe  
  97  6:54  Immortal  
  97  6:56  Assimilator  
  97  7:05  Psionic Storm  
  101  7:26  Probe x2  
  101  7:28  Pylon, Probe  
  100  7:30  Pylon  
  100  7:32  Pylon  
  100  7:34  Pylon, High Templar x2  
  101  7:38  Pylon  
  101  7:40  Immortal  
  101  7:42  Immortal  
  101  7:44  Observer  
  101  7:46  Probe x3  
  112  7:52  High Templar x2  
  116  8:00  Gateway  
  116  8:02  Gateway  
  116  8:03  Gateway  
  116  8:11  Observer  
  116  8:12  Gateway, High Templar  
  118  8:15  Gateway, High Templar, Observer  
  121  8:22  Immortal  
  125  8:32  Pylon  
  125  8:34  Pylon  
  125  8:35  Nexus  
  125  8:37  Fleet Beacon  
  125  8:38  Zealot x2  
  125  8:52  High Templar x2  
  128  8:59  Archon  
  126  9:06  Zealot x3  
  132  9:10  Stargate  
  132  9:16  Mothership  
  132  9:20  Archon  
  132  9:22  Zealot x3  
  130  9:29  Protoss Air Weapons Level 1  
  138  9:35  Warp Prism  
  138  9:36  Pylon  
  140  9:47  Tempest  
  140  9:48  Tempest  
  140  9:49  Pylon  
  145  9:59  Probe x3  
  153  10:00  Assimilator  
  153  10:02  Zealot x2  
  153  10:03  Zealot x3  
  153  10:04  Zealot x2, Assimilator  
  167  10:11  Probe x3  
  167  10:13  Protoss Ground Weapons Level 2  
  168  10:20  High Templar  
  168  10:21  High Templar  
  172  10:23  Tempest, Probe x3  
  175  10:34  Tempest  
  175  10:35  Observer, Probe x2  
  182  10:41  Pylon  
  182  10:43  Pylon  
  182  10:48  Observer  
  182  10:49  Photon Cannon  
  187  10:50  Shield Battery  
  187  10:52  Shield Battery, Photon Cannon  
  187  10:57  Tempest  
  187  11:06  Zealot x3  
  187  11:07  Zealot  
  199  11:13  Observer  
  200  11:23  Zealot x2  
  188  11:35  High Templar x4  
  188  11:36  High Templar x2  
  188  11:39  Archon x2  
  200  11:40  Archon  
  200  11:48  Pylon  
  198  11:58  Protoss Ground Weapons Level 3  
  198  12:00  Blink  
  198  12:03  Photon Cannon  
  184  12:17  Oracle x2  
  184  12:19  Zealot  
  184  12:20  Photon Cannon  
  192  12:23  Zealot x4  
  200  12:32  Protoss Air Weapons Level 2  
  200  12:41  Nexus  
  200  12:43  Zealot  
  200  12:44  Zealot  
  195  12:57  Tempest x2  
  188  13:12  Mothership  
  164  13:17  Stalker  
  164  13:18  Stalker x8  
  165  13:52  Observer x2  
  165  13:53  Zealot x5  
  165  13:54  Nexus, Zealot x4  
  185  14:01  Tempest x2  
  195  14:06  Observer  
  195  14:07  Pylon  
  195  14:16  Zealot x2  
  200  14:28  Protoss Shields Level 1  
  200  14:29  Gateway  
  200  14:30  Gateway  
  200  14:31  Gateway  
  200  14:44  Photon Cannon  
  200  14:45  Photon Cannon  
  200  14:47  Photon Cannon  
  200  14:48  Photon Cannon  
  200  14:50  Shield Battery  
  200  14:51  Photon Cannon  
  186  15:00  High Templar x2  
  186  15:01  Zealot x3  
  186  15:06  Pylon  
  188  15:08  Dark Shrine  
  188  15:21  Assimilator  
  188  15:26  Assimilator  
  188  15:31  Zealot x3  
  188  15:32  Pylon  
  194  15:45  Tempest  
  197  16:01  Tempest  
  191  16:16  Stargate  
  196  16:20  Stargate  
  196  16:22  Dark Templar  
  196  16:23  Dark Templar  
  200  16:34  Observer  
  197  16:57  Shadow Stride  
  197  16:59  Robotics Bay  
  192  17:05  Probe x2  
  185  17:27  Mothership  
  165  17:38  Protoss Shields Level 2  
  172  17:45  High Templar x6  
  172  17:46  High Templar  
  172  17:49  Protoss Air Weapons Level 3  
  186  17:54  Gravitic Boosters  
  186  17:55  Oracle  
  186  17:56  Oracle  
  190  18:03  Observer  
  190  18:04  Observer  
  192  18:20  Nexus  
  182  19:09  Pylon  
  182  19:36  Oracle  
  182  19:37  Oracle  
  178  20:04  Stalker x5  
  188  20:16  Assimilator  
  188  20:17  Assimilator  
  188  20:18  Photon Cannon  
  188  20:20  Photon Cannon  
  188  20:21  Shield Battery, Photon Cannon  
  188  20:23  Pylon  
  188  20:24  Photon Cannon x2  
  182  20:37  Nexus  
  182  20:38  Pylon  
  182  20:39  Disruptor x2  
  186  20:57  Assimilator  
  186  21:03  Observer, Assimilator  
  186  21:07  Gravitic Drive  
  186  21:15  Warp Prism  
  186  21:16  Warp Prism  
  190  21:37  Zealot x5  
  195  22:25  Disruptor  
  188  22:47  Zealot x7  
  188  22:48  Protoss Shields Level 3, Dark Templar x3  
  188  22:49  Protoss Air Armor Level 1  
  176  23:55  Dark Templar x2  
  176  23:56  Zealot x10  
  181  24:27  Observer  
  181  24:31  Dark Templar x3, Zealot  
  173  24:58  Zealot  
  173  24:59  Zealot x4  
  163  25:18  Protoss Ground Armor Level 1  
  163  25:21  Nexus  
  163  25:26  Dark Templar x2, Zealot x2  
  163  25:27  Zealot x7  
  163  25:28  Zealot  
  183  25:51  Oracle  
  186  26:07  Pylon  
  186  26:09  Disruptor  
  189  26:28  Oracle  
  188  26:49  Protoss Air Armor Level 2  
  188  26:57  Protoss Ground Armor Level 2  
  167  27:15  Observer  
  160  27:39  Gateway  
  160  27:40  Gateway, Dark Templar x2  
  160  27:41  Zealot x6  
  160  27:42  Dark Templar, Gateway  
  178  27:57  Gateway  
  176  28:02  Observer  
  176  28:03  Mothership  
  166  28:15  Dark Templar  
  166  28:16  Dark Templar x3  
  182  28:30  Dark Templar x3, Zealot x2  
  182  28:31  Zealot x2  
  171  29:02  Nexus  
  171  29:06  Dark Templar x2, Zealot x7  
  178  29:17  Archon  
  178  29:22  Protoss Ground Armor Level 3  
  178  29:23  Protoss Air Armor Level 3  
  175  29:35  Pylon  
  175  29:52  Observer  
  176  30:04  Dark Templar, Zealot  
  176  30:05  Zealot x5  
  176  30:06  Zealot x5  
  193  30:19  Zealot x4  
  197  30:25  Zealot  
  197  30:28  Dark Templar x4  
  189  30:34  Archon x2  
  189  30:35  Archon  
  193  30:48  Probe  
  194  30:52  Nexus  
  194  31:00  Probe  
  194  31:12  Probe  
  195  31:21  Tempest  
  186  31:35  Zealot x4  
  191  32:11  Oracle x2  
  194  32:19  Assimilator  
  194  32:22  Probe x5  
  196  32:24  Assimilator  
  196  32:25  Assimilator x2  
  196  32:45  Oracle  
  196  32:48  Pylon  
  197  32:56  Observer x2  
  191  32:59  Pylon  
  187  33:13  Photon Cannon  
  187  33:14  Photon Cannon  
  187  33:15  Shield Battery  
  187  33:20  Dark Templar x2  
  187  33:23  Probe  
  187  33:25  Dark Templar x3  
  187  33:26  Dark Templar  
  200  33:28  Probe  
  200  33:31  Archon x2  
  199  33:38  Stalker  
  199  33:39  Observer  
  180  34:34  Stalker x3  
  177  35:15  Zealot x7  
  177  35:16  Zealot x2  
  191  35:27  Stalker  
  191  35:28  Stalker x3  
  197  36:10  Dark Templar x2  
  199  36:15  Mothership  
  163  36:27  Probe  
  160  36:35  Probe  
  161  36:45  Probe  
  162  36:56  Observer  
  162  36:57  Probe  
  163  37:03  Nexus  
  161  37:08  Tempest  
  161  37:09  Void Ray x2, Tempest  
  161  37:10  Probe  
  178  37:24  Probe x4  
  178  37:28  Pylon  
  182  37:36  Probe  
  183  37:50  Zealot x5  
  179  38:37  Assimilator  
  179  38:40  Assimilator  
  179  38:58  Zealot x3  
  179  39:22  Dark Templar x3, High Templar x3  
  179  39:23  High Templar x4  
  199  39:27  Archon x3  
  199  39:28  Archon x2  
  193  39:43  Zealot x3  
  193  39:44  Zealot x2  
  197  39:46  Oracle x2  
  196  40:26  Observer x2  
  197  40:34  High Templar  
  197  41:32  Oracle  
  198  42:42  Dark Templar  
  198  42:43  Dark Templar  
  186  43:58  High Templar x2  
  186  43:59  High Templar x3  
  196  44:06  Oracle  
  195  44:18  Zealot x2  
  169  45:06  Stalker x4  
  169  45:07  Stalker x9  
  167  45:08  Stalker x3  
  114  45:44  Stalker x9  
  114  45:45  Stalker x7  
Show
View Real Time Build Order
Export as new Build Order

SortOf Zerg 

Build Orders: Hatch First, Brood Lord Corruptor 

Get SALT Encoding   

  12  0:00  Drone  
  13  0:12  Overlord  
  13  0:17  Drone  
  14  0:31  Drone x2  
  16  0:48  Hatchery  
  15  0:52  Drone  
  15  0:55  Drone  
  17  0:57  Drone  
  18  1:09  Extractor  
  17  1:13  Spawning Pool  
  16  1:19  Drone  
  16  1:21  Drone  
  18  1:30  Drone  
  19  1:39  Drone  
  20  1:50  Overlord  
  20  2:00  Queen x2  
  20  2:01  Drone  
  25  2:04  Drone  
  26  2:10  Drone x2  
  28  2:22  Drone x2  
  30  2:25  Metabolic Boost  
  30  2:38  Hatchery  
  30  2:40  Zergling x4  
  31  2:46  Overlord  
  31  2:51  Queen  
  33  2:54  Drone  
  33  2:55  Drone  
  35  2:59  Drone  
  36  3:06  Drone  
  36  3:09  Drone  
  38  3:16  Drone x4  
  42  3:22  Drone  
  42  3:24  Queen, Spore Crawler  
  44  3:27  Spore Crawler  
  44  3:32  Drone  
  44  3:36  Overlord  
  44  3:45  Overlord  
  44  3:50  Lair  
  44  3:51  Drone x6  
  50  3:58  Zergling x2  
  50  4:02  Zergling x4  
  48  4:11  Drone x5  
  48  4:14  Drone  
  53  4:18  Drone  
  53  4:23  Drone  
  55  4:27  Drone x2  
  55  4:30  Extractor  
  56  4:31  Extractor  
  56  4:34  Drone x2  
  57  4:44  Spore Crawler  
  57  4:45  Drone x2  
  58  4:49  Overlord  
  58  4:50  Drone, Hydralisk Den  
  58  4:58  Overlord  
  58  5:08  Drone x5, Baneling Nest  
  58  5:10  Drone x2  
  58  5:11  Drone x2  
  66  5:20  Grooved Spines, Hydralisk  
  68  5:21  Evolution Chamber  
  68  5:22  Hydralisk  
  68  5:25  Overlord  
  69  5:30  Drone x5  
  69  5:33  Extractor, Overlord  
  69  5:35  Extractor, Overlord  
  72  5:39  Overlord  
  72  5:43  Overlord  
  72  5:46  Hydralisk  
  74  5:54  Hydralisk x4  
  83  5:57  Drone x3  
  83  6:00  Drone x3  
  83  6:03  Drone  
  85  6:05  Drone  
  86  6:12  Drone  
  86  6:13  Drone x2  
  86  6:14  Drone x2  
  88  6:18  Zerg Melee Weapons Level 1  
  88  6:19  Drone x2  
  89  6:25  Drone  
  89  6:26  Drone  
  91  6:33  Overlord  
  91  6:34  Extractor  
  91  6:35  Centrifical Hooks  
  90  6:40  Zergling x2, Baneling  
  90  6:41  Zergling x14, Baneling  
  90  6:42  Baneling  
  98  6:49  Drone  
  98  6:52  Muscular Augments  
  99  6:55  Hatchery  
  99  6:56  Hydralisk x2  
  99  6:57  Overseer  
  102  7:01  Overlord  
  102  7:06  Overlord  
  101  7:11  Hydralisk x4  
  101  7:13  Overlord  
  109  7:19  Overlord x2  
  109  7:25  Drone x7  
  109  7:28  Drone x2  
  109  7:29  Drone  
  119  7:33  Infestation Pit  
  119  7:34  Drone x3  
  120  7:45  Drone x2  
  120  7:46  Drone  
  120  7:49  Extractor, Hydralisk  
  124  7:56  Hydralisk x7  
  124  7:57  Zergling x2  
  139  8:03  Zergling x2  
  139  8:09  Hive, Spire  
  139  8:10  Zergling x2  
  139  8:11  Zergling x6  
  142  8:13  Zerg Melee Weapons Level 2  
  142  8:21  Zergling x12  
  148  8:29  Baneling x10  
  148  8:36  Extractor  
  148  8:37  Zergling x2  
  148  8:38  Zergling x14  
  155  8:48  Hatchery  
  151  8:57  Zergling x22  
  151  8:58  Zergling x2  
  151  9:00  Zergling x2  
  158  9:09  Overlord  
  158  9:11  Zergling x4  
  155  9:20  Zergling x2  
  155  9:21  Zergling x18  
  155  9:23  Corruptor, Greater Spire  
  148  9:29  Corruptor x2  
  154  9:36  Corruptor x2  
  154  9:37  Corruptor x2  
  162  9:42  Overlord  
  162  9:46  Baneling x16  
  162  9:48  Adrenal Glands  
  162  9:57  Overlord  
  161  10:02  Zergling x20  
  161  10:03  Zergling x8  
  174  10:10  Overlord  
  167  10:24  Overlord  
  167  10:26  Pathogen Glands  
  167  10:27  Drone x4  
  171  10:29  Drone  
  171  10:30  Drone x2  
  171  10:32  Viper  
  177  10:37  Brood Lord x6  
  177  10:38  Extractor  
  177  10:42  Extractor  
  187  10:44  Brood Lord  
  187  10:49  Spine Crawler  
  188  10:51  Spine Crawler  
  188  10:52  Drone x6  
  188  10:53  Spine Crawler x2  
  188  10:54  Spine Crawler  
  190  11:03  Zerg Flyer Weapons Level 1  
  190  11:07  Overlord  
  189  11:21  Infestor x4  
  189  11:23  Spine Crawler x2  
  189  11:24  Spine Crawler  
  194  11:32  Infestor x2  
  190  11:36  Pneumatized Carapace  
  190  11:38  Drone x2  
  194  11:42  Spine Crawler, Spore Crawler x2  
  194  11:43  Drone  
  194  11:44  Drone x9, Spine Crawler  
  194  11:45  Spine Crawler x2  
  198  11:49  Neural Parasite  
  198  11:51  Overseer x2  
  191  12:08  Infestor x4  
  197  12:15  Spore Crawler  
  197  12:17  Spore Crawler x3  
  197  12:18  Corruptor x2, Spore Crawler x3  
  197  12:19  Spore Crawler  
  197  12:20  Spore Crawler x2  
  197  12:21  Spore Crawler  
  190  12:23  Spore Crawler  
  190  12:25  Spore Crawler  
  190  12:27  Infestor, Spore Crawler  
  190  12:28  Spore Crawler  
  188  12:31  Zergling x2  
  188  12:32  Zergling x2  
  190  12:41  Corruptor x3  
  180  12:50  Drone x3  
  180  12:51  Drone  
  166  13:11  Corruptor  
  154  13:17  Corruptor  
  153  13:23  Corruptor x2  
  153  13:25  Drone x4  
  153  13:26  Drone x5  
  164  13:29  Zergling x32  
  176  13:36  Viper  
  176  13:39  Brood Lord x2  
  183  13:42  Brood Lord  
  183  13:48  Lurker Den, Zerg Flyer Weapons Level 2  
  184  13:58  Brood Lord x2  
  184  13:59  Brood Lord  
  184  14:01  Brood Lord  
  190  14:11  Corruptor x3  
  190  14:15  Overseer x2  
  196  14:17  Infestor x2  
  200  14:28  Zerg Melee Weapons Level 3  
  200  14:29  Spore Crawler x2  
  200  14:30  Evolution Chamber  
  197  14:32  Zergling x6  
  200  14:51  Zergling x8  
  191  15:14  Zerg Missile Weapons Level 1  
  191  15:17  Infestor x4  
  199  15:27  Hatchery  
  198  15:30  Hatchery  
  197  15:47  Lurker  
  198  15:51  Overlord  
  198  16:02  Overlord  
  198  16:03  Overseer x2  
  198  16:04  Zerg Flyer Armor Level 1  
  198  16:20  Spine Crawler, Spore Crawler  
  198  16:21  Spine Crawler, Spore Crawler x2  
  198  16:22  Spine Crawler  
  192  16:27  Hydralisk x3  
  193  16:40  Baneling x7  
  193  16:42  Corruptor x3  
  196  17:01  Spore Crawler  
  196  17:03  Spore Crawler  
  196  17:04  Lurker x3  
  196  17:05  Spore Crawler  
  190  17:12  Drone  
  190  17:13  Drone  
  183  17:35  Infestor x6  
  191  17:38  Corruptor x4  
  199  17:48  Spine Crawler x2  
  199  17:49  Zerg Missile Weapons Level 2, Spine Crawler  
  199  17:50  Zerg Ground Armor Level 1  
  196  17:52  Drone x4  
  196  17:58  Zerg Flyer Weapons Level 3  
  196  18:10  Spine Crawler  
  196  18:11  Spine Crawler, Spore Crawler x2  
  196  18:12  Spine Crawler, Spore Crawler  
  190  18:13  Spine Crawler, Spore Crawler  
  190  18:16  Corruptor x6  
  200  18:27  Spore Crawler  
  200  18:30  Adaptive Talons  
  200  18:33  Drone x2  
  200  19:03  Spine Crawler, Spore Crawler  
  198  19:27  Drone x2  
  198  19:29  Spine Crawler  
  199  19:38  Zergling x2  
  200  19:43  Zergling x2  
  200  19:57  Overlord  
  200  19:58  Overseer x3  
  200  19:59  Overseer x3  
  200  20:05  Extractor  
  197  20:20  Zergling x6  
  199  20:31  Spore Crawler  
  199  20:32  Extractor  
  199  20:33  Zergling x4  
  199  20:34  Zergling x4, Spore Crawler x2  
  199  20:35  Zergling x2  
  199  20:47  Zergling x2  
  200  21:03  Zerg Flyer Armor Level 2  
  200  21:04  Zerg Missile Weapons Level 3, Zerg Ground Armor Level 2  
  200  21:09  Spore Crawler  
  200  21:10  Spore Crawler x2  
  195  21:33  Viper  
  188  22:02  Corruptor x5  
  189  22:19  Infestor x2  
  189  22:20  Infestor x4  
  199  22:33  Zergling x14  
  196  23:00  Baneling x2  
  196  23:01  Baneling x3  
  196  23:02  Overlord  
  196  23:07  Queen  
  196  23:10  Overlord  
  196  23:11  Overseer  
  194  23:15  Queen x2  
  194  23:19  Zergling x18  
  194  23:20  Hatchery  
  193  23:33  Overseer, Zergling x8  
  195  23:47  Infestor  
  195  23:48  Infestor  
  199  23:50  Burrow  
  199  24:12  Overlord  
  199  24:13  Overlord  
  199  24:17  Overlord  
  195  24:19  Spine Crawler  
  195  24:24  Baneling x9  
  191  24:28  Brood Lord x3  
  191  24:29  Spore Crawler x2  
  191  24:33  Corruptor x4  
  199  24:43  Zergling x6  
  199  24:44  Zergling x4  
  199  24:50  Zergling x6  
  199  24:51  Zergling x2  
  196  24:54  Zergling x6  
  196  25:10  Zerg Ground Armor Level 3  
  194  25:20  Corruptor  
  194  25:21  Corruptor x2  
  195  25:26  Brood Lord x2  
  188  25:46  Corruptor x10  
  199  25:56  Overseer  
  199  25:57  Overseer  
  199  25:59  Spine Crawler  
  199  26:01  Spine Crawler  
  199  26:02  Spine Crawler  
  199  26:03  Extractor, Brood Lord x4, Spine Crawler  
  199  26:04  Spine Crawler  
  197  26:09  Spine Crawler  
  197  26:10  Spine Crawler  
  195  26:11  Zergling x8  
  199  26:24  Zergling x28  
  196  26:27  Zergling x6  
  196  26:32  Zergling x2  
  194  26:44  Zergling x12  
  197  26:49  Overseer  
  196  26:55  Zergling x2  
  196  26:58  Overseer  
  190  27:09  Hatchery  
  190  27:10  Zergling x22  
  196  27:32  Overseer  
  196  27:33  Zergling x8  
  199  27:50  Zergling x10  
  190  28:10  Overseer  
  185  28:13  Overlord x2  
  185  28:16  Corruptor x3  
  185  28:18  Zergling x2  
  189  28:20  Spine Crawler  
  189  28:23  Zergling x16  
  191  28:33  Zergling x12  
  191  28:39  Zergling x4  
  191  28:40  Zergling x4  
  188  28:43  Zergling x2  
  182  28:50  Zergling x8  
  186  28:59  Zergling x10  
  188  29:28  Hydralisk  
  188  29:29  Hydralisk x5  
  197  29:44  Overseer  
  197  29:45  Overseer  
  197  29:51  Hydralisk  
  199  30:13  Overlord x2  
  175  30:31  Hatchery  
  174  30:36  Zergling x12  
  180  30:58  Baneling x4  
  142  32:23  Hatchery  
  140  33:38  Drone x3  
  143  34:05  Drone x2  
  145  34:13  Zergling x2  
  146  34:18  Drone  
  147  34:28  Drone x2  
  149  34:34  Drone  
  138  35:20  Drone x5  
  143  35:22  Extractor x2  
  131  36:26  Overlord  
  131  36:33  Overlord  
  131  36:39  Overlord x2  
  131  36:40  Overlord  
  131  36:55  Spore Crawler  
  131  36:56  Spine Crawler, Hatchery  
  128  37:20  Hatchery  
  127  37:34  Overlord  
  127  37:39  Drone x3  
  130  37:48  Zergling x6  
  133  38:18  Drone x2  
  133  38:19  Drone  
  136  38:29  Zergling x4  
  138  38:38  Zergling x2  
  138  38:39  Zergling x4  
  141  38:46  Zergling x2  
  135  39:02  Zergling x2  
  135  39:03  Zergling x2  
  136  39:15  Infestor  
  134  39:35  Drone  
  134  39:38  Drone x4  
  136  39:40  Drone x4  
  140  39:47  Zergling x2  
  141  39:56  Extractor  
  141  39:58  Extractor  
  139  40:00  Lair  
  139  40:03  Spine Crawler, Zergling x4  
  139  40:04  Zergling x2  
  141  40:13  Zergling x6  
  135  40:35  Drone x4, Spawning Pool  
  137  40:36  Drone x2  
  140  40:44  Drone x3  
  140  40:46  Infestor x4  
  140  40:47  Infestor x10  
  140  41:21  Hatchery  
  139  41:26  Zergling x10  
  144  41:35  Spire  
  144  41:36  Infestation Pit  
  141  41:51  Overlord  
  141  41:53  Overlord  
  136  42:31  Infestor x2  
  136  42:32  Infestor x4  
  148  42:46  Drone x4  
  152  42:54  Infestor  
  140  43:27  Overlord x2  
  131  43:58  Swarm Host x7  
  152  44:02  Overlord  
  152  44:08  Spine Crawler, Spore Crawler  
  152  44:09  Spine Crawler  
  149  44:26  Swarm Host x2  
  149  44:30  Hatchery  
  146  44:50  Swarm Host  
  125  45:03  Swarm Host x2  
  127  45:24  Hatchery  
Tags
 
Add a new tag
Caveats
  • Supply blocks, unpowered buildings, or Contaminate may cause inaccurate times.
  • Supply counts are checked every 10 seconds.